 Dungeon Crawl Stone Soup version 0.23.2 (webtiles) character file.

Game seed: 6871325165231628333

814 Quoreg the Grappler (level 7, 0/62 HPs)
             Began as a Minotaur Fighter on Apr 6, 2019.
             Was a Follower of Okawaru.
             Slain by Grinder (6 damage)
             ... in a sewer.
             The game lasted 00:18:01 (3949 turns).

Quoreg the Grappler (Minotaur Fighter)              Turns: 3949, Time: 00:18:02

Health: 0/62       AC:  7    Str: 22      XL:     7   Next: 62%
Magic:  4/6        EV: 13    Int: 10      God:    Okawaru [*.....]
Gold:   158        SH:  0    Dex:  7 (10) Spells: 6/6 levels left

rFire    . . .     SeeInvis .     - Unarmed
rCold    . . .     Gourm    .   (no shield)
rNeg     . . .     Faith    .   q - +2 leather armour {rPois}
rPois    +         Spirit   .   (helmet restricted)
rElec    .         Reflect  .   (no cloak)
rCorr    .         Harm     .   (no gloves)
MR       .....                  b - +0 pair of boots
Stlth    ++........             (no amulet)
HPRegen  0.20/turn              (no ring)
MPRegen  0.10/turn              (no ring)

@: brilliant, heroism
A: retaliatory headbutt, horns 2, robust 1, wild magic 1
a: Heroism, Renounce Religion


You were in a sewer.
You worshipped Okawaru.
Okawaru was aware of your devotion.
You were not hungry.

You visited 1 branch of the dungeon, and saw 4 of its levels.
You also visited: Sewer.

You collected 158 gold pieces.

Inventory:

Armour
 a - a +0 scale mail
 b - a +0 pair of boots (worn)
 q - a +2 leather armour of poison resistance (worn)
Wands
 k - a wand of random effects (10)
Scrolls
 c - a scroll of amnesia
 g - a scroll of fear
 l - a scroll of fog
Potions
 m - 3 potions of magic
Comestibles
 d - 5 rations


   Skills:
 - Level 3.6(8.6) Fighting
 - Level 3.6(8.6) Armour
   Level 3.6(8.6) Shields
 + Level 9.6(14.6) Unarmed Combat


You had 6 spell levels left.
You didn't know any spells.
Your spell library was empty.

Dungeon Overview and Level Annotations

Branches:
Dungeon (4/15)             Temple (0/1) D:4

Altars:
Okawaru

Annotations:
Sewer Grinder


Innate Abilities, Weirdness & Mutations

You reflexively headbutt those who attack you in melee.
You have a pair of horns on your head.
You are robust. (+10% HP)
Your spells are a little harder to cast, but a little more powerful.


Message History

The quasit is heavily wounded.
The quasit bites you.
* * * LOW HITPOINT WARNING * * *
You feel clumsy.
The quasit claws you but does no damage.
The quasit barely misses you.
You gain the combat prowess of a mighty hero.
The quasit misses you. The quasit closely misses you.
The quasit barely misses you. The shadow imp misses you.
The quasit bites you but does no damage.
The quasit misses you. The quasit barely misses you.
You hit the quasit but do no damage.
The quasit is heavily wounded.
You barely miss Grinder.
Grinder is almost dead.
The shadow imp completely misses you.
You hit Grinder.
Grinder is almost dead.
Grinder hits you.
You die...

#≈≈≈≈≈≈≈)..#≈≈≈≈≈≈#
#≈≈≈≈≈≈#.).#≈≈≈≈≈≈#
#≈≈≈≈≈≈#...≈≈≈≈≈≈≈#
#≈≈≈≈≈.#...#.≈≈≈≈≈#
#≈≈≈≈....≈....≈≈≈≈#
#≈≈.≈..#≈≈≈#..≈.≈≈#
#......#≈≈≈#......#
#(#######≈#######+#
#(.§@55#)..#...
#≈§§§55§§5..≈≈≈
#≈≈≈§§§#§..#≈≈≈
#########'#### 5.#
.K. ...' §.'. ..'.


You could see Grinder, a quasit, a shadow imp and an ufetubus.

Vanquished Creatures
  The ghost of Freyura the Skirmisher, an amateur GrFi of the Shining One (D:4)
  A big kobold (Sewer)
  A howler monkey (D:4)
  An orc priest (D:3)
  A bullfrog skeleton (D:4)
  Terence (D:3)
  Jessica (D:2)
  Natasha (thrice) (D:2)
  2 worker ants (D:4)
  A big kobold zombie (Sewer)
  3 gnolls (D:3)
  9 adders
  A shadow imp (Sewer)
  An ufetubus (Sewer)
  An ooze (Sewer)
  5 worms
  6 leopard geckos
  16 orcs
  4 ball pythons
  6 giant cockroaches
  9 goblins
  8 hobgoblins
  7 jackals
  A quokka (D:4)
  7 bats
  9 frilled lizards
  36 kobolds
  A kobold zombie (Sewer)
  A quokka skeleton (D:4)
  4 rats (D:2)
148 creatures vanquished.

Vanquished Creatures (others)
  A big kobold zombie (Sewer)
  An ooze (Sewer)
2 creatures vanquished.

Grand Total: 150 creatures vanquished

Notes
Turn   | Place    | Note
-------+----------+-------------------------------------------
     0 | D:1      | Quoreg the Minotaur Fighter began the quest for the Orb.
     0 | D:1      | Reached XP level 1. HP: 19/19 MP: 0/0
   487 | D:1      | Reached skill level 3 in Unarmed Combat
   487 | D:1      | Reached XP level 2. HP: 26/26 MP: 1/1
   838 | D:2      | Noticed Natasha
   848 | D:2      | Killed Natasha
   848 | D:2      | Reached skill level 4 in Unarmed Combat
   848 | D:2      | Reached XP level 3. HP: 28/31 MP: 2/2
  1190 | D:2      | Noticed Jessica
  1196 | D:2      | Killed Jessica
  1196 | D:2      | Reached skill level 5 in Unarmed Combat
  1196 | D:2      | Reached XP level 4. HP: 33/39 MP: 3/3
  1507 | D:2      | Noticed Natasha
  1513 | D:2      | Killed Natasha
  1517 | D:2      | Reached XP level 5. HP: 45/45 MP: 4/4
  1813 | D:2      | Noticed Natasha
  1822 | D:2      | Killed Natasha
  1822 | D:2      | Reached skill level 6 in Unarmed Combat
  1960 | D:3      | Gained mutation: You are robust. (+10% HP) [potion of
                  | mutation]
  1960 | D:3      | Gained mutation: Your spells are a little harder to cast,
                  | but a little more powerful. [potion of mutation]
  2364 | D:3      | Noticed Terence
  2377 | D:3      | Killed Terence
  2377 | D:3      | Reached skill level 7 in Unarmed Combat
  2377 | D:3      | Reached XP level 6. HP: 40/56 MP: 5/5
  3010 | D:4      | Found an iron altar of Okawaru.
  3023 | D:4      | Became a worshipper of Warmaster Okawaru
  3040 | D:4      | Reached skill level 8 in Unarmed Combat
  3045 | D:4      | Found a runed translucent door.
  3048 | D:4      | Noticed Freyura's ghost (amateur GrFi)
  3069 | D:4      | Killed Freyura's ghost
  3069 | D:4      | Reached XP level 7. HP: 21/62 MP: 6/6
  3078 | D:4      | Found a runed translucent door.
  3095 | D:4      | Reached * piety under Okawaru
  3095 | D:4      | Reached skill level 9 in Unarmed Combat
  3566 | D:4      | Found a staircase to the Ecumenical Temple.
  3681 | D:4      | Found a glowing drain.
  3691 | Sewer    | Entered a sewer
  3915 | Sewer    | Noticed Grinder
  3949 | Sewer    | Slain by Grinder

Skill      XL: |  1  2  3  4  5  6  7 |
---------------+----------------------+-----
Unarmed Combat | 3 4 5 7 8 9 |  9.6
Fighting       | |  3.6
Armour         | |  3.6
Shields        | |  3.6

Action                   |  1- 3 |  4- 6 |  7- 9 || total
-------------------------+-------+-------+-------++-------
Melee: Unarmed           |    76 |   174 |    89 ||   339
       Headbutt          |     5 |    28 |     9 ||    42
       Punch             |     2 |     4 |     5 ||    11
Invok: Heroism           |       |       |     2 ||     2
Evoke: Wand              |       |     1 |       ||     1
  Use: Scroll            |       |    10 |     3 ||    13
       Potion            |       |     4 |     3 ||     7
  Eat: Chunk             |     1 |     6 |     3 ||    10
Armor: Scale mail        |    26 |    41 |       ||    67
       Leather armour    |       |    16 |    39 ||    55
Dodge: Dodged            |    34 |    67 |    69 ||   170
